cohdb
Replays
Latest Replays
All Replays
Popular Replays
Top Player Replays
Match Explorer
How It Works
Community
CoH3 Stats
Reddit
Sign in to upload your games and track your stats! →
Sign in with Steam
Match 41260170
Unlisted
Match 41260170
Overview
Messages
Build Orders
End
Kettenkrad Recon Vehicle
Construct Infanterie Kompanie
Selects Luftwaffe Battlegroup
Selects Luftwaffe Pioneer Support
Fallschirmpioneer Squad Paradrop
Grenadier Squad
MG 42 Machine Gun Team
Selects Stuka Strafing Run
Construct Luftwaffe Kompanie
221 Scout Car
Idiot Box
WadoVice
0
0
Comments
sign in to comment!
No comments posted yet!